Map: Reclamation LE

Players

PiPuxD - Winner!

  • Race: Terran Terran
  • League: Gold
  • Spawn Location: 11:00

MattBarry - Winner!

  • Race: Zerg Zerg
  • League: Gold
  • Spawn Location: 12:00

impatienceSC

  • Race: Protoss Protoss
  • League: Diamond
  • Spawn Location: 5:00

TopG

  • Race: Zerg Zerg
  • Spawn Location: 6:00

VOD

Have the link to the VOD?

Description

Time

  • Played on: Feb. 11, 2023, 2:56 a.m.
  • Length: 27:08
Show
View Real Time Build Order
Export as new Build Order

PiPuxD Terran - Winner!

Build Orders: Reaper Expand 

Get SALT Encoding   

  12  0:00  SCV  
  13  0:12  SCV  
  14  0:17  Supply Depot  
  14  0:24  SCV  
  15  0:38  SCV  
  15  0:41  Barracks  
  16  0:45  Refinery  
  16  0:50  SCV  
  17  1:03  SCV  
  18  1:15  SCV  
  19  1:30  Orbital Command  
  19  1:33  Reaper  
  20  1:40  Command Center  
  20  1:54  Supply Depot  
  20  1:56  SCV  
  20  2:00  Refinery  
  21  2:06  Barracks Reactor  
  21  2:10  SCV  
  22  2:22  SCV  
  23  2:34  SCV  
  23  2:35  Factory  
  24  2:52  Marine x2, SCV  
  24  2:58  Orbital Command  
  26  3:04  SCV  
  27  3:10  Barracks  
  27  3:13  Barracks, Marine x2  
  29  3:20  Starport  
  29  3:21  Widow Mine  
  29  3:23  SCV  
  29  3:24  SCV  
  33  3:38  SCV x2  
  35  3:46  Barracks Tech Lab  
  35  3:50  SCV x2  
  35  3:53  Supply Depot  
  41  3:56  Hellion x2  
  41  3:59  Barracks Reactor  
  41  4:01  Barracks Reactor  
  41  4:02  SCV x2  
  42  4:05  Stimpack  
  43  4:11  Supply Depot  
  43  4:13  Supply Depot  
  43  4:14  SCV  
  43  4:15  SCV  
  45  4:27  SCV x2  
  45  4:28  Medivac x2, Factory Tech Lab  
  51  4:37  Refinery  
  51  4:39  SCV x2  
  51  4:44  Marine x5  
  58  4:51  SCV x2  
  60  5:05  Marine x4  
  60  5:06  Marine  
  65  5:07  Medivac x2  
  65  5:08  SCV  
  70  5:15  Refinery  
  70  5:17  SCV  
  70  5:20  Supply Depot  
  70  5:21  Supply Depot  
  71  5:26  Siege Tank  
  74  5:28  Engineering Bay  
  74  5:29  Engineering Bay  
  74  5:35  Marine x4  
  75  5:42  Marine  
  79  5:44  Combat Shield  
  77  5:55  Marine x2  
  72  6:11  Marine x3  
  72  6:13  Marine  
  72  6:17  Fusion Core  
  76  6:19  Command Center  
  76  6:22  SCV x2  
  76  6:24  Terran Infantry Armor Level 1, Terran Infantry Weapons Level 1  
  78  6:27  Armory, Siege Tank  
  78  6:30  Marine x3  
  78  6:31  Marine  
  78  6:32  Marine  
  86  6:34  SCV x2  
  86  6:39  Viking x2  
  92  6:46  SCV  
  93  6:48  Supply Depot  
  93  7:04  Concussive Shells  
  93  7:05  Marine x5  
  93  7:08  SCV x2  
  100  7:13  Siege Tank  
  103  7:20  Supply Depot x2  
  103  7:21  Supply Depot  
  103  7:40  Marine x2  
  103  7:41  Marine x3  
  97  8:01  Marine x3  
  97  8:02  Marine x2  
  97  8:03  SCV x2  
  100  8:12  Command Center  
  100  8:13  Medivac x2  
  100  8:15  SCV x2  
  100  8:17  Siege Tank  
  100  8:19  Marine x4  
  111  8:20  Marine  
  114  8:27  SCV  
  114  8:31  Orbital Command  
  114  8:33  SCV  
  116  8:40  SCV  
  117  8:45  Marine x4, SCV  
  117  8:46  Marine  
  117  8:47  Terran Infantry Armor Level 2, Terran Infantry Weapons Level 2  
  123  8:49  Terran Vehicle Weapons Level 1  
  123  8:53  SCV  
  124  8:56  Refinery  
  124  8:57  SCV  
  124  9:01  Refinery  
  125  9:05  SCV  
  125  9:06  SCV  
  125  9:07  Barracks x2  
  125  9:09  SCV  
  128  9:10  Marine x4  
  128  9:12  Marine  
  133  9:18  SCV  
  134  9:42  Viking x2  
  134  9:43  Siege Tank  
  134  9:44  Marine x2  
  134  9:45  Marine x3  
  146  9:46  Orbital Command  
  119  10:14  Marine x4  
  119  10:16  Marauder  
  119  10:17  Barracks Tech Lab  
  119  10:18  Barracks Tech Lab  
  125  10:23  Siege Tank  
  128  10:33  Marine x3  
  128  10:34  Marine  
  132  10:36  Viking x2  
  132  10:38  Marauder  
  125  10:59  Marine x5  
  125  11:01  Marauder x2  
  134  11:13  Orbital Command  
  134  11:17  Marine x4  
  134  11:18  Marauder  
  140  11:20  Terran Infantry Armor Level 3, Terran Infantry Weapons Level 3  
  140  11:21  Terran Vehicle Weapons Level 2  
  140  11:22  Marauder x2  
  144  11:43  SCV x4  
  148  11:55  Marine x2, SCV x3, Marauder x3  
  148  11:56  Marine x2, SCV  
  148  11:57  Medivac x2  
  148  11:59  Siege Tank  
  142  12:41  Marauder x3  
  142  12:42  Marine x2  
  142  12:43  Marine x2  
  152  12:44  Siege Tank  
  152  12:45  Medivac x2  
  159  12:53  Unknown  
  159  12:56  Command Center  
  100  13:27  Marine  
  100  13:28  Marine x3, Orbital Command  
  100  13:29  Marauder x3  
  110  13:43  Siege Tank  
  110  13:44  Medivac x2  
  117  14:01  Marine x4  
  127  14:02  Marauder  
  127  14:03  Marauder x2  
  127  14:04  Terran Vehicle Weapons Level 3  
  127  14:16  Siege Tank  
  130  14:17  Viking x2  
  130  14:19  Marine x4  
  130  14:23  Orbital Command  
  130  14:24  Marauder x3  
  144  14:27  Command Center  
  144  14:33  Factory x2  
  141  14:49  Orbital Command  
  129  14:57  Marine x3, Marauder x3  
  129  14:58  Marine  
  139  15:06  Command Center  
  139  15:08  Siege Tank  
  139  15:10  Viking x2  
  146  15:19  SCV x4  
  150  15:24  Marine x4, Marauder x3  
  160  15:31  SCV x3  
  149  15:56  Marauder x2  
  149  15:57  Marine x4, Marauder  
  133  16:08  Viking, Siege Tank  
  133  16:09  Viking  
  140  16:14  Marine  
  140  16:15  Marine x3  
  140  16:18  Marauder x3  
  148  16:32  Marine x3  
  148  16:33  Marine  
  148  16:38  Viking  
  148  16:39  Viking, Marauder x3  
  162  16:40  Siege Tank  
  165  16:50  Marine x2  
  165  16:54  Orbital Command  
  167  17:01  Marauder  
  169  17:08  Marauder x2  
  173  17:09  Marine x4  
  173  17:12  Viking x2, Siege Tank  
  184  17:18  Ghost Academy x2  
  184  17:20  Terran Ship Weapons Level 1  
  184  17:22  Marauder  
  186  17:24  Armory  
  186  17:26  Factory Tech Lab x2  
  186  17:29  Marauder x2  
  190  17:33  Marine x4  
  194  17:42  Viking x2  
  194  17:43  Marine  
  199  17:50  Marine x2  
  189  17:57  Marine x3  
  169  18:01  Marauder  
  171  18:08  Marauder x2  
  133  18:26  Marine x4  
  125  18:27  Marauder  
  125  18:28  Siege Tank x3  
  125  18:29  Viking x2  
  125  18:30  Marauder x2  
  142  18:38  Orbital Command  
  142  18:42  Refinery  
  142  18:45  Refinery  
  142  18:51  Command Center  
  142  18:56  Marine x3  
  142  18:57  Marine  
  142  18:58  Marauder x3  
  142  19:02  Thor x2  
  152  19:03  Thor  
  152  19:05  Viking x2  
  174  19:14  Marine x3  
  174  19:15  Marine  
  178  19:18  Personal Cloaking  
  178  19:19  Nuke, Marauder x3  
  184  19:41  Terran Ship Weapons Level 2  
  184  19:43  Terran Vehicle And Ship Armor Level 1  
  184  19:44  Infernal Pre-Igniter  
  184  19:47  Viking  
  184  19:48  Viking  
  184  19:49  Marine x3  
  184  19:50  Marine  
  184  19:51  Marauder x3  
  198  20:24  Medivac  
  138  20:41  Marine x2  
  138  20:42  Marine x2  
  117  20:43  Marauder x3  
  117  20:44  Siege Tank x3  
  117  20:45  Medivac  
  132  20:53  Medivac  
  134  21:00  Marine  
  134  21:01  Marine x3  
  138  21:04  Marauder x3  
  138  21:08  Orbital Command  
  144  21:15  Medivac  
  144  21:16  Siege Tank x3  
  155  21:18  Marine x3  
  155  21:19  Marine  
  155  21:23  Medivac  
  163  21:26  Marauder x3  
  167  21:36  Marine x4  
  169  21:45  Medivac  
  173  21:47  Marauder x3  
  173  21:48  Thor x3  
  173  21:53  Medivac  
  196  21:54  Marine x3  
  173  22:04  Marine  
  173  22:08  Marine x3  
  153  22:26  Marauder x3  
  155  22:33  Marine x3  
  155  22:34  Marine  
  155  22:36  Siege Tank x3  
  158  22:37  Medivac x2  
  162  22:48  Marauder x3  
  162  22:49  Nuke  
  168  22:51  Marine x4  
  168  22:57  Orbital Command  
  172  23:09  Marine, Marauder x3  
  179  23:14  Orbital Command  
  179  23:29  Ghost  
  179  23:30  Ghost  
  183  23:58  Marine x4  
  183  23:59  Marine, Marauder  
  183  24:00  Marauder, Siege Tank x3  
  174  24:17  Marauder  
  174  24:21  Marauder  
  176  24:30  Marauder  
  176  24:31  Marine x4  
  161  24:38  Marauder  
  161  24:42  Marauder  
  161  24:44  Thor x3  
  161  24:45  Medivac x2  
  165  24:48  Marine x2  
  165  24:49  Marine x2  
  165  24:52  Marauder  
  175  25:00  Marauder  
  175  25:04  Marauder  
  175  25:06  Marine x2  
  179  25:10  Nuke x2  
  179  25:13  Marauder  
  181  25:18  Refinery  
  181  25:20  Refinery  
  181  25:37  Marauder x3  
  181  25:39  Siege Tank x3  
  181  25:40  Medivac x2  
  163  26:30  Marine x4  
  163  26:31  Marauder x3  
  166  26:32  Siege Tank  
  166  26:33  Siege Tank x2  
Show
View Real Time Build Order
Export as new Build Order

MattBarry Zerg - Winner!

Build Orders: Pool First 

Get SALT Encoding   

  12  0:00  Drone  
  13  0:08  Drone  
  14  0:17  Extractor  
  14  0:18  Drone  
  14  0:19  Extractor  
  13  0:22  Drone  
  16  0:38  Spawning Pool  
  16  0:40  Extractor  
  14  0:46  Overlord  
  14  0:56  Extractor  
  14  0:57  Drone  
  15  1:25  Zergling x6, Queen  
  20  1:49  Metabolic Boost  
  20  1:56  Hatchery  
  19  2:01  Drone  
  20  2:09  Drone  
  20  2:10  Drone  
  22  2:18  Overlord  
  22  2:50  Zergling x8  
  23  3:06  Queen  
  23  3:09  Roach Warren  
  23  3:10  Extractor  
  23  3:18  Drone x2  
  23  3:19  Baneling Nest, Drone x2  
  26  3:24  Queen  
  28  3:42  Drone  
  28  3:43  Drone x3  
  31  3:58  Spore Crawler x2  
  29  4:04  Spore Crawler  
  27  4:22  Roach  
  27  4:23  Roach x2  
  33  4:31  Drone  
  34  4:32  Overlord  
  34  4:45  Roach  
  33  5:07  Zergling x6  
  33  5:09  Overlord  
  33  5:13  Overlord  
  35  5:42  Drone x8  
  39  5:48  Roach  
  39  5:57  Roach, Zergling x2  
  39  5:58  Zergling x4  
  42  6:15  Roach  
  42  6:16  Overlord  
  42  6:17  Overlord  
  44  6:27  Evolution Chamber  
  44  6:30  Evolution Chamber  
  40  6:35  Spine Crawler  
  40  6:36  Overlord x3  
  39  6:40  Drone x2  
  41  6:56  Zergling x8  
  41  6:57  Zergling x6  
  41  7:00  Drone  
  49  7:23  Zerg Melee Weapons Level 1  
  49  7:26  Zerg Ground Armor Level 1, Drone x3  
  49  7:27  Drone x2  
  51  7:41  Ravager x2  
  51  7:42  Ravager  
  54  7:49  Zergling x10  
  54  7:50  Zergling x6  
  60  8:04  Roach x4  
  67  8:08  Overlord  
  54  8:21  Baneling  
  54  8:22  Baneling x5  
  54  8:25  Zergling x10  
  60  8:27  Drone  
  60  8:34  Drone  
  60  8:35  Drone x3  
  60  8:40  Drone x4  
  67  8:59  Drone x2  
  69  9:12  Extractor  
  69  9:15  Lair  
  69  9:16  Extractor  
  67  9:20  Zerg Missile Weapons Level 1  
  67  9:21  Hatchery  
  66  9:39  Baneling x3  
  66  9:40  Baneling  
  50  9:54  Roach  
  50  9:55  Roach x9  
  66  10:19  Glial Reconstitution  
  66  10:24  Roach, Overlord x2  
  66  10:25  Overlord  
  68  10:38  Queen x2  
  74  10:50  Hatchery  
  74  10:53  Roach x8  
  87  11:39  Spire  
  68  11:43  Drone x15  
  83  11:52  Overseer  
  83  11:55  Overlord  
  83  11:56  Overlord  
  83  12:04  Queen x2  
  87  12:19  Spine Crawler, Zerg Ground Armor Level 2  
  86  12:34  Overseer  
  86  12:42  Hatchery  
  86  12:43  Ravager  
  86  12:44  Ravager x5  
  91  12:52  Mutalisk  
  93  12:58  Hatchery  
  93  13:01  Extractor  
  93  13:02  Extractor  
  75  13:07  Zergling x12, Extractor  
  75  13:08  Zergling x36  
  75  13:11  Extractor  
  86  13:30  Zergling x18  
  86  13:31  Zergling x2  
  83  13:47  Drone x7  
  90  14:01  Baneling x7  
  88  14:06  Queen  
  88  14:07  Queen x2  
  94  14:14  Roach x2  
  94  14:15  Roach x12  
  108  14:51  Zergling x34  
  108  14:52  Zergling x2  
  112  15:08  Corruptor x5  
  122  15:15  Drone  
  122  15:16  Drone x2  
  122  15:17  Overlord  
  112  15:43  Corruptor  
  112  15:44  Corruptor x4  
  112  15:49  Ravager x2  
  116  15:50  Ravager  
  116  15:51  Ravager  
  90  16:15  Zergling x24  
  90  16:16  Roach x4  
  107  16:27  Roach x2  
  104  16:49  Hydralisk Den  
  104  16:51  Infestation Pit  
  102  17:23  Hatchery  
  102  17:27  Hatchery, Drone  
  102  17:28  Roach x2, Overlord  
  102  17:29  Overlord x3  
  93  17:39  Roach x6  
  81  18:21  Zergling x36  
  81  18:22  Zergling x22  
  108  18:31  Corruptor  
  110  18:36  Queen x2  
  110  18:37  Queen  
  114  18:49  Hive  
  114  18:57  Drone x14  
  128  19:06  Overlord  
  128  19:07  Corruptor x2  
  132  19:12  Queen x2  
  136  19:50  Grooved Spines  
  136  19:56  Lurker Den  
  135  20:22  Hydralisk x3, Greater Spire  
  135  20:23  Hydralisk x8  
  135  20:25  Overlord x5  
  135  20:26  Overlord  
  128  20:46  Zergling x40  
  128  20:47  Zergling x8  
  149  21:00  Zergling x18  
  149  21:01  Muscular Augments  
  147  21:16  Baneling x5  
  147  21:17  Baneling x5  
  147  21:22  Extractor  
  147  21:23  Extractor  
  145  21:27  Corruptor x2  
  128  21:51  Hydralisk x5  
  94  22:05  Roach x4  
  98  22:40  Drone x11  
  109  22:51  Drone x3  
  112  22:52  Drone  
  113  23:18  Hatchery  
  112  23:40  Brood Lord x3  
  104  24:16  Brood Lord x2  
  104  25:00  Hatchery  
  101  25:33  Corruptor x6  
  101  25:34  Corruptor x2  
  109  25:49  Zergling x22, Corruptor  
  107  25:50  Zergling x6, Corruptor x2  
  105  26:08  Brood Lord x2  
Show
View Real Time Build Order
Export as new Build Order

impatienceSC Protoss 

Build Orders:  

Get SALT Encoding   

  12  0:01  Probe  
  13  0:15  Pylon  
  13  0:17  Probe  
  14  0:29  Probe (Chrono Boost)  
  15  0:36  Gateway  
  15  0:42  Probe (Chrono Boost)  
  16  0:48  Assimilator, Probe (Chrono Boost)  
  18  0:57  Probe  
  18  1:09  Probe  
  19  1:21  Probe  
  19  1:25  Cybernetics Core  
  20  1:33  Probe  
  21  1:41  Pylon  
  21  1:45  Probe  
  22  1:57  Probe  
  23  2:04  Adept (Chrono Boost)  
  23  2:05  Gateway  
  23  2:07  Gateway  
  24  2:10  Warp Gate (Chrono Boost)  
  24  2:24  Probe  
  24  2:26  Assimilator  
  24  2:27  Adept  
  27  2:35  Shield Battery  
  27  2:57  Adept  
  29  3:09  Probe  
  30  3:20  Robotics Facility  
  30  3:58  Pylon  
  30  4:00  Pylon  
  30  4:08  Pylon  
  30  4:16  Warp Prism  
  32  4:19  Stalker x3  
  38  4:44  Nexus  
  38  4:45  Pylon  
  38  5:04  Shield Battery  
  38  5:06  Probe  
  39  5:18  Zealot x3, Probe  
  46  5:39  Stalker x3  
  38  6:07  Probe x2  
  40  6:11  Pylon  
  40  6:15  Immortal  
  40  6:17  Robotics Bay  
  44  6:19  Probe  
  44  6:22  Pylon  
  45  6:41  Probe x2  
  47  6:53  Probe x2  
  49  6:57  Sentry x2  
  49  6:58  Zealot  
  55  7:05  Probe x2  
  57  7:17  Shield Battery, Probe x2  
  57  7:22  Stalker x2  
  63  7:23  Zealot  
  63  7:29  Colossus (Chrono Boost), Probe  
  58  8:07  Adept  
  58  8:08  Adept x2  
  58  8:12  Extended Thermal Lance (Chrono Boost)  
  64  8:15  Colossus (Chrono Boost)  
  64  8:17  Probe x2  
  72  8:20  Assimilator  
  72  8:25  Assimilator  
  72  8:29  Probe x2  
  72  8:30  Twilight Council  
  74  8:34  Gateway  
  74  8:38  Gateway  
  74  8:41  Probe  
  74  8:42  Sentry  
  77  8:54  Pylon  
  75  8:59  Adept, Stalker  
  79  9:06  Probe x2  
  79  9:07  Colossus (Chrono Boost)  
  87  9:19  Probe  
  87  9:23  Gateway  
  88  9:24  Gateway  
  88  9:27  Gateway  
  88  9:48  Stalker  
  88  9:49  Stalker x3  
  88  9:50  Stalker  
  92  10:14  Immortal  
  96  10:16  Probe x2  
  98  10:22  Stalker  
  98  10:23  Stalker  
  102  10:35  Pylon  
  102  10:37  Pylon  
  102  10:38  Pylon  
  102  10:41  Nexus  
  102  10:43  Pylon  
  102  10:46  Pylon, Probe  
  87  10:52  Warp Prism (Chrono Boost)  
  81  11:00  Charge (Chrono Boost)  
  81  11:06  Zealot x4  
  89  11:22  Colossus (Chrono Boost)  
  89  11:23  Shield Battery  
  95  11:26  Probe  
  95  11:29  Forge  
  95  11:32  Forge  
  96  11:45  Zealot x3  
  96  11:46  Zealot x3  
  108  11:48  Sentry  
  108  11:49  Sentry  
  112  12:00  Probe  
  113  12:02  Probe x2  
  113  12:04  Immortal (Chrono Boost)  
  119  12:08  Photon Cannon  
  119  12:12  Photon Cannon  
  119  12:14  Probe x2  
  121  12:16  Photon Cannon  
  121  12:18  Assimilator  
  121  12:23  Assimilator  
  121  12:38  Probe  
  121  12:39  Probe x2  
  124  12:47  Zealot  
  124  12:48  Zealot  
  124  12:49  Zealot x4  
  124  12:50  Zealot x2  
  140  12:54  Immortal  
  92  13:22  Zealot x2  
  92  13:23  Zealot, Stalker  
  92  13:25  Stalker x4  
  98  13:49  Probe  
  98  13:54  Stalker x6  
  98  13:55  Stalker x2, Blink (Chrono Boost)  
  109  14:15  Gateway  
  109  14:17  Gateway, Templar Archives  
  109  14:18  Gateway  
  103  14:57  Zealot x6  
  103  14:58  Zealot x2  
  119  15:08  Immortal  
  123  15:21  High Templar x6  
  125  15:22  High Templar x5  
  125  15:26  Archon x3  
  125  15:27  Archon x2  
  145  15:29  Nexus  
  145  15:32  Pylon  
  145  15:42  Pylon  
  145  15:52  Zealot  
  135  15:57  Stalker x4  
  119  16:06  Stalker  
  107  16:26  Psionic Storm  
  107  16:28  Colossus  
  105  16:44  High Templar x2  
  105  16:45  High Templar x5  
  119  16:57  Photon Cannon  
  119  17:00  Photon Cannon  
  119  17:05  Assimilator  
  119  17:14  High Templar  
  121  17:16  High Templar  
  123  17:37  Zealot  
  123  17:38  Zealot x3  
  123  17:40  Immortal  
  123  17:42  Zealot x4  
  123  17:43  Zealot  
  101  18:22  Archon  
  101  18:23  Archon  
  75  18:33  Immortal  
  73  18:37  High Templar x2  
  73  18:38  High Templar  
  73  18:39  High Templar x2  
  83  18:42  Zealot x3, High Templar  
  83  18:43  Zealot x2  
  95  18:59  Assimilator  
  95  19:03  Protoss Ground Weapons Level 1 (Chrono Boost)  
  95  19:04  Protoss Ground Armor Level 1 (Chrono Boost)  
  95  19:12  Forge  
  95  19:14  Forge  
  95  19:36  High Templar  
  95  19:37  High Templar  
  99  19:39  High Templar  
  99  19:40  High Templar  
  99  19:44  Immortal (Chrono Boost)  
  107  19:53  Zealot x5  
  107  19:54  Zealot x2  
  121  20:14  Immortal (Chrono Boost)  
  121  20:18  Zealot x5  
  121  20:19  Zealot x4  
  121  20:20  Zealot x2  
  141  21:07  Stalker x4  
  141  21:08  Stalker x5  
  141  21:09  Stalker x2  
  163  21:14  Nexus  
  163  21:16  Pylon  
  163  21:18  Pylon  
  87  22:29  High Templar  
  73  22:30  High Templar  
  73  22:31  High Templar x5  
  73  22:33  Immortal  
  87  22:39  Unknown  
  87  22:44  Zealot x4  
  95  22:56  Pylon  
  95  22:58  Pylon  
  95  23:00  Stargate  
  95  23:02  Stargate  
  95  23:04  Stargate  
  95  23:10  Zealot x4  
  103  23:14  Shield Battery  
  103  23:16  Shield Battery  
  103  23:24  Zealot x3  
  103  23:25  Zealot  
  107  23:29  Zealot x3  
  109  23:46  Dark Shrine  
  109  23:47  Zealot x5  
  115  23:53  Zealot x3  
  107  24:04  High Templar  
  107  24:05  Shield Battery  
  107  24:09  Shield Battery  
  109  24:10  Archon  
  109  24:11  Archon  
  109  24:13  High Templar  
  109  24:15  Archon, Void Ray x3  
  111  24:24  Zealot x4  
  111  24:25  Stalker x2  
  111  24:26  Stalker x2  
  127  24:38  Immortal  
  127  24:39  Zealot x2  
  141  25:00  Void Ray x2  
  141  25:01  Void Ray  
  132  25:30  Dark Templar x2  
  132  25:31  Dark Templar  
  128  25:56  Void Ray x3  
  107  26:25  Zealot x3  
  107  26:26  Zealot x5  
Show
View Real Time Build Order
Export as new Build Order

TopG Zerg 

Build Orders: Pool First 

Get SALT Encoding   

  12  0:01  Drone  
  13  0:08  Drone  
  14  0:17  Overlord  
  14  0:35  Drone  
  15  0:36  Drone x2  
  15  0:38  Extractor  
  16  0:47  Drone  
  17  0:52  Spawning Pool  
  16  1:17  Hatchery  
  15  1:21  Drone  
  15  1:25  Drone  
  17  1:29  Drone  
  18  1:39  Metabolic Boost  
  18  2:00  Queen  
  20  2:09  Drone  
  21  2:18  Zergling x2  
  21  2:20  Overlord  
  22  2:29  Queen  
  24  2:30  Zergling x4  
  26  2:43  Zergling x4  
  26  2:44  Zergling x2  
  26  2:59  Zergling x4  
  28  3:06  Drone  
  28  3:07  Drone  
  30  3:20  Evolution Chamber  
  30  3:22  Zergling x2  
  30  3:23  Zergling x2  
  31  3:37  Baneling Nest  
  30  3:46  Zergling x8  
  30  3:47  Zergling x4  
  36  3:57  Overlord x2  
  36  4:01  Zerg Melee Weapons Level 1  
  36  4:23  Drone  
  37  4:24  Drone x6  
  36  5:00  Drone x4  
  40  5:08  Zergling x2  
  40  5:09  Zergling x14  
  48  5:17  Drone  
  35  6:06  Drone x3  
  38  6:11  Lair  
  38  6:15  Zerg Ground Armor Level 1  
  38  6:18  Drone x4  
  41  6:21  Baneling, Extractor  
  41  6:22  Baneling x3  
  41  6:24  Drone x2  
  43  6:26  Extractor  
  43  6:27  Extractor  
  41  6:35  Zergling x2  
  41  6:36  Zergling x10  
  47  6:45  Hatchery  
  46  6:58  Queen  
  46  7:00  Drone x3  
  51  7:01  Drone  
  51  7:03  Overlord  
  51  7:04  Overlord  
  52  7:14  Spine Crawler  
  51  7:28  Spine Crawler  
  50  7:36  Zergling x18  
  46  8:06  Zergling x2  
  46  8:07  Zergling x12  
  53  8:22  Drone  
  53  8:23  Drone x2  
  53  8:24  Drone x3  
  53  8:25  Centrifugal Hooks  
  53  8:26  Zerg Melee Weapons Level 2  
  59  8:28  Zergling x2  
  59  8:29  Queen  
  62  8:47  Baneling x14  
  62  8:48  Baneling x6  
  62  8:49  Zergling x10  
  62  8:50  Zergling x8  
  71  9:05  Zergling x4  
  71  9:07  Overlord x4  
  49  9:53  Zergling x22  
  49  9:54  Zergling x8  
  49  9:59  Baneling x6  
  60  10:17  Baneling  
  60  10:18  Baneling x19  
  60  10:19  Baneling x7  
  60  10:20  Zergling x2  
  60  10:21  Zergling x8  
  65  10:22  Hatchery  
  65  10:28  Zergling x2  
  65  10:39  Zergling x4  
  54  11:07  Zergling x2  
  54  11:08  Zergling x14  
  62  11:24  Zergling x2  
  62  11:25  Zergling x4  
  65  11:30  Baneling x9  
  65  11:31  Baneling x18  
  65  11:33  Spine Crawler  
  56  11:40  Zergling x8  
  56  11:42  Spine Crawler  
  56  11:43  Queen  
  56  11:44  Drone, Spine Crawler  
  61  11:49  Zergling x8  
  66  11:54  Drone x2  
  67  12:06  Drone x3  
  67  12:07  Drone  
  71  12:15  Zergling x2  
  71  12:16  Zergling x2  
  58  12:39  Zergling x2  
  58  12:40  Zergling x16  
  67  12:54  Baneling  
  67  12:55  Baneling x6  
  67  12:58  Zergling x2  
  67  12:59  Zergling x12  
  67  13:00  Zergling x4  
  72  13:11  Zergling x6  
  63  13:24  Zergling x8  
  63  13:25  Zergling x16  
  71  13:31  Drone x2  
  71  13:45  Spore Crawler  
  71  13:47  Spore Crawler  
  69  13:50  Spore Crawler, Baneling  
  69  13:51  Baneling x24  
  69  13:52  Baneling x3, Zergling x2  
  69  13:53  Zergling x10  
  74  14:01  Zergling x6  
  74  14:02  Zergling x4  
  79  14:11  Zergling x2  
  79  14:12  Zergling x8  
  84  14:22  Drone  
  84  14:23  Drone x4  
  89  14:24  Overlord  
  71  14:50  Zergling x2  
  71  14:51  Zergling x28  
  66  15:00  Extractor  
  66  15:01  Zergling x6  
  66  15:02  Zergling x2  
  69  15:09  Zergling x6  
  69  15:11  Baneling  
  69  15:12  Baneling x11  
  69  15:13  Baneling  
  69  15:14  Baneling  
  72  15:18  Drone  
  74  15:28  Zergling x6  
  74  15:29  Zergling x4  
  64  15:43  Zergling x2  
  64  15:44  Zergling x8  
  61  15:53  Zergling x16  
  68  16:08  Zergling x2  
  68  16:09  Zergling x6  
  64  16:26  Zergling x2  
  64  16:27  Zergling x8  
  69  16:43  Zergling x8  
  73  17:00  Hatchery  
  73  17:01  Baneling x3  
  72  17:02  Baneling x29  
  72  17:03  Baneling x5, Zergling x2  
  72  17:04  Zergling x10  
  78  17:09  Zerg Ground Armor Level 2  
  78  17:24  Overlord  
  78  17:25  Overlord x2  
  76  17:39  Zergling x2  
  76  17:40  Zergling x20  
  75  17:57  Zergling x12  
  66  18:19  Zergling x24  
  64  18:37  Zergling x14  
  71  18:48  Zergling x12  
  77  18:57  Zergling x16  
  77  18:58  Zergling x4  
  87  19:02  Baneling  
  87  19:03  Baneling x17  
  87  19:04  Baneling x4  
  87  19:22  Zergling x6  
  87  19:23  Zergling x18  
  99  19:34  Overseer  
  99  19:46  Baneling  
  99  19:47  Baneling x16  
  99  19:49  Zergling x2  
  99  19:50  Zergling x14  
  107  20:13  Zergling x2  
  107  20:14  Zergling x22  
  83  20:35  Zergling x2  
  83  20:36  Zergling x16  
  79  20:44  Zergling x2  
  79  20:45  Zergling x2  
  75  20:58  Zergling x6  
  75  20:59  Zergling x16  
  79  21:05  Zergling x2  
  79  21:06  Zergling x6  
  82  21:18  Zergling x14  
  83  21:22  Baneling x6  
  83  21:23  Baneling  
  87  22:00  Zergling x14  
  87  22:01  Zergling x10  
  50  22:38  Zergling x2  
  50  22:39  Zergling x22  
  62  22:59  Baneling  
  62  23:00  Baneling x23  
  62  23:02  Zergling x8  
  62  23:03  Zergling x10  
  71  23:13  Hatchery  
  70  23:25  Zergling x12  
  70  23:26  Zergling x14  
  82  23:37  Zergling x12  
  54  24:14  Zergling x2  
  54  24:15  Zergling x16  
  54  24:16  Zergling x8  
  54  24:17  Zergling x4  
  54  24:25  Zergling x6  
  42  25:18  Hatchery  
Tags
 
Add a new tag
Caveats
  • Supply blocks, unpowered buildings, or Contaminate may cause inaccurate times.
  • Supply counts are checked every 10 seconds.